 Dungeon Crawl Stone Soup version 0.13-a0-2557-g7ea0453 (console) character file.

237 Kellhus the Cudgeler (level 4, -3/34 HPs)
             Began as a Mummy Chaos Knight on July 29, 2013.
             Was a Plaything of Xom.
             Slain by Crazy Yiuf
             ... wielding a +3,+4 quarterstaff of chaos
              (4 damage)
             ... on Level 3 of the Dungeon.
             The game lasted 00:03:50 (2673 turns).

Kellhus the Cudgeler (Mummy Chaos Knight)           Turns: 2673, Time: 00:03:51

HP  -3/34        AC  8     Str 15 (16) XL: 4   Next: 96%
MP   4/4         EV  6     Int 11      God: Xom
Gold 102         SH  0     Dex 11      Spells:  0 memorised,  3 levels left

Res.Fire  : x . .   See Invis. : .   i - +0,+1 elf whip (freeze)
Res.Cold  : + . .   Warding    : .   g - +0 chain mail
Life Prot.: + + +   Conserve   : .   (no shield)
Res.Poison: +       Res.Corr.  : .   (no helmet)
Res.Elec. : .       Clarity    : .   (no cloak)
Sust.Abil.: . .     Spirit.Shd : .   (no gloves)
Res.Mut.  : .       Stasis     : .   (no boots)
Res.Rott. : +       Flight     : .   (no amulet)
Saprovore : . . .                    (no ring)
                                     (no ring)

@: slightly resistant to hostile enchantments, extremely unstealthy
A: no food or potions, fire vulnerability, restore body, cold resistance 1, life
protection 3, poison resistance, torment resistance, unbreathing
a: Renounce Religion


You were on level 3 of the Dungeon.
You worshipped Xom.
You were a very special plaything of Xom.
You were not hungry.

You visited 1 branch of the dungeon, and saw 3 of its levels.

You collected 82 gold pieces.

Inventory:

Hand weapons
 a - a +0,+0 mace of chaos
 i - a +0,+1 elven whip of freezing (weapon)
Armour
 b - a +2 leather armour
 g - a +0 chain mail (worn)
Scrolls
 c - 2 scrolls of fear {unknown}
 d - 2 scrolls of remove curse {unknown}
 e - 4 scrolls of identify {unknown}
 f - a scroll of teleportation {unknown}
 h - a scroll of blinking {unknown}
 j - a scroll of enchant armour {unknown}
 l - a scroll of amnesia {unknown}
 m - a scroll of noise {unknown}
 n - 2 scrolls of fog {unknown}
Books
 k - a Young Poisoner's Handbook

   Spells                             Type                      Level
   Sting                              Conjuration/Poison           1
   Cure Poison                        Poison                       2
   Mephitic Cloud                     Conjuration/Poison/Air       3
   Olgreb's Toxic Radiance            Poison                       4
   Venom Bolt                         Conjuration/Poison           5


   Skills:
 - Level 3.0 Fighting
 + Level 4.7 Maces & Flails
 - Level 1.5 Armour
 - Level 0.7 Dodging


You had 3 spell levels left.
You didn't know any spells.

Dungeon Overview and Level Annotations

Branches:
Dungeon (3/27)

Altars:
Xom

Annotations
D:3 Crazy Yiuf


Innate Abilities, Weirdness & Mutations

You do not eat or drink.
Your flesh is vulnerable to fire.
Your flesh is cold resistant.
You are immune to negative energy.
Your system is resistant to poisons.
You are immune to unholy pain and torment.
You can survive without breathing.


Message History

Crazy Yiuf cries, "Ice!"
Crazy Yiuf hits you with a quarterstaff of chaos.
You are too injured to fight recklessly!
You are too injured to fight recklessly!
You hit Crazy Yiuf but do no damage.
Crazy Yiuf is almost dead.
Crazy Yiuf drinks a potion.
Crazy Yiuf is healed!
You closely miss Crazy Yiuf.
Crazy Yiuf hits you with a quarterstaff of chaos.
* * * LOW HITPOINT WARNING * * *
Crazy Yiuf freezes you.
* * * LOW HITPOINT WARNING * * *
You barely miss Crazy Yiuf.
Unknown command.
Your chain mail prevents you from hitting Crazy Yiuf.
Crazy Yiuf hits you with a quarterstaff of chaos.
* * * LOW HITPOINT WARNING * * *
You convulse.
You die...
Xom bursts into laughter!

### ######## #..
#..)...###.#.#####
######?.........#.#....
#.........).### #.#.###
#.............###.#.###
#........>....+........
#.............###.#.###
####.....@g..#..........##
#............##.##.####.##
#.....##.....#..##.......#
#.....##.....#.......#####
#.....##........######
#.....##............##
#.....#####..........####
#.....#####..........#..##
######.........####......#


You could see Crazy Yiuf.

Vanquished Creatures
  Ijyb (D:2)
  4 adders
  A worm (D:2)
  3 giant geckos
  An ooze (D:1)
  2 orcs (D:3)
  13 bats
  6 giant cockroaches
  8 hobgoblins
  9 jackals
  12 kobolds
  2 giant newts (D:2)
  2 goblins
  6 rats
70 creatures vanquished.

Notes
Turn   | Place    | Note
--------------------------------------------------------------
     0 | D:1      | Kellhus, the Mummy Chaos Knight, began the quest for the Orb.
     0 | D:1      | Reached XP level 1. HP: 16/16 MP: 1/1
   153 | D:1      | XOM: silly message
   279 | D:1      | Reached XP level 2. HP: 9/22 MP: 2/2
   461 | D:1      | XOM: divination: detect items
   521 | D:1      | XOM: divination: detect items
  1153 | D:1      | XOM: scenery: create altars
  1192 | D:2      | Noticed Ijyb
  1199 | D:1      | Reached XP level 3. HP: 28/28 MP: 3/3
  1279 | D:2      | XOM: divination: magic mapping
  1333 | D:2      | XOM: silly message
  1435 | D:2      | XOM: vitrification
  1513 | D:2      | Reached skill level 4 in Maces & Flails
  1513 | D:2      | Reached XP level 4. HP: 34/34 MP: 4/4
  1528 | D:2      | XOM: divination: detect creatures
  1534 | D:2      | Killed Ijyb
  2103 | D:3      | XOM: enchant monster (bad)
  2210 | D:3      | XOM: severe Tloc miscast
  2588 | D:3      | Noticed Crazy Yiuf
  2596 | D:3      | XOM: blink monster(s)
  2603 | D:3      | XOM: confusion
  2610 | D:3      | XOM: enchant monster (good)
  2673 | D:3      | HP: 1/34 [Crazy Yiuf/quarterstaff of chaos (5)]
  2673 | D:3      | Slain by Crazy Yiuf

Action                   |  1- 3 |  4- 6 || total
-------------------------+-------+-------++-------
Melee: Mace              |   120 |    47 ||   167
       Whip              |       |    81 ||    81
 Stab: Paralysed         |     2 |     1 ||     3
